 Dungeon Crawl Stone Soup version 0.30-a0-913-g9934a0ce24 (webtiles) character file.

Game seed: 3857403179745146743

496 cheesebisquit the Sneak (level 6, -9/32 HPs)
             Began as a Spriggan Brigand on Mar 19, 2023.
             Mangled by Duvessa
             ... wielding a +1 rapier of speed
              (19 damage)
             ... on level 4 of the Dungeon.
             The game lasted 00:16:04 (2886 turns).

cheesebisquit the Sneak (Spriggan Brigand)          Turns: 2886, Time: 00:16:04

Health: -9/32      AC:  3    Str:  7    XL:     6   Next: 93%
Magic:  7/7        EV: 19    Int: 12    God:
Gold:   120        SH:  0    Dex: 19    Spells: 5/5 levels left

rFire   . . .      SeeInvis +    a - +2 dagger
rCold   . . .      Faith    .    (no shield)
rNeg    . . .      Spirit   .    b - +0 robe
rPois   .          Reflect  .    (helmet restricted)
rElec   .          Rampage  .    j - +0 cloak
rCorr   .                        (gloves unavailable)
Will    +....                    (boots unavailable)
Stlth   ++++                     i - amulet of regeneration
HPRegen 1.05/turn                (no ring)
MPRegen 0.10/turn                (no ring)

@: brilliant, very quick
A: very small, no large weapons, unfitting armour, see invisible, speed 3
a: no special abilities


You were on level 4 of the Dungeon.
You visited 1 branch of the dungeon, and saw 4 of its levels.

You collected 120 gold pieces.

Inventory:

Hand Weapons
 a - a +2 dagger (weapon)
 e - a +0 club
Armour
 b - a +0 robe (worn)
 c - a +0 cloak
 j - a +0 cloak (worn)
Jewellery
 i - an amulet of regeneration (around neck)
Scrolls
 d - 3 scrolls of identify
 g - a scroll of amnesia
 h - 2 scrolls of blinking {unknown}
 m - a scroll of poison {unknown}
 n - a scroll of vulnerability {unknown}
Potions
 f - a potion of magic
 k - a potion of brilliance


   Skills:
 + Level 3.1 Fighting
 * Level 5.5 Short Blades
 - Level 2.0 Throwing
 + Level 4.2 Dodging
 + Level 7.7 Stealth


You had 5 spell levels left.
You didn't know any spells.
Your spell library contained the following spells:

 Spells                   Type           Power      Damage    Failure   Level
 Beastly Appendage        Tmut           0%         N/A       32%         1
 Foxfire                  Conj/Fire      0%         2x1d4     32%         1
 Necrotise                Necr           0%         1d4       32%         1
 Frozen Ramparts          Ice            0%         1d1       69%         3
 Vampiric Draining        Necr           0%         2d6       69%         3
 Ice Form                 Ice/Tmut       0%         N/A       97%         4
 Summon Ice Beast         Ice/Summ       0%         N/A       97%         4
 Agony                    Necr           0%         N/A       100%        5


Dungeon Overview and Level Annotations

Branches:
Dungeon (4/15)
 Temple: D:4-7

Altars:
Sif Muna

Annotations:
D:4 Duvessa


Innate Abilities, Weirdness & Mutations

You are very small and have problems with some larger weapons.
You are too small for most types of armour.
You have supernaturally acute eyesight. (SInv)
You cover ground extremely quickly. (Speed+++)


Message History

Okay, then.
You throw a poisoned dart. The poisoned dart hits Duvessa.
Duvessa is poisoned.
Duvessa shouts!
Duvessa goes berserk!
You throw a poisoned dart. The poisoned dart hits Duvessa.
Duvessa looks even sicker.
Duvessa rages.
Duvessa hits you with a +1 rapier of speed!
Things that are here:
a +0 dagger; a +0 robe You throw a poisoned dart.
The poisoned dart barely misses Duvessa.
Duvessa barely misses you.
Duvessa rages.
You throw a curare-tipped dart. The curare-tipped dart hits Duvessa.
Duvessa looks even sicker.
Duvessa convulses.
Duvessa seems to slow down.
Duvessa is moderately wounded.
You hit Duvessa but do no damage.
Duvessa is moderately wounded.
Duvessa closely misses you.
You hit Duvessa but do no damage.
Duvessa is moderately wounded.
Duvessa misses you. x2
You hit Duvessa but do no damage.
Duvessa is moderately wounded.
Duvessa hits you with a +1 rapier of speed!!
Ouch! That really hurt!
You hit Duvessa but do no damage.
Duvessa is moderately wounded.
Duvessa closely misses you.
You hit Duvessa.
Duvessa is moderately wounded.
Duvessa closely misses you.
It was a potion of magic.
Magic courses through your body.
Duvessa hits you with a +1 rapier of speed.
You barely miss Duvessa.
Duvessa is moderately wounded.
Duvessa hits you with a +1 rapier of speed!!
Ouch! That really hurt!
You die...

########
####..(...#
##....##)..#
#..####...##
###.####...##
#.(.###...##
#e####...## #
#@###...#∩# #.
#.##...###(. #..
###..#._.# .(#
###...##...######
## .).....<.###
..#......#
...........
........####
......#..


You could see Duvessa (berserk, very poisoned, slow).

Vanquished Creatures
  Sigmund (D:2)
  A phantom (D:2)
  Dowan (D:4)
  An orc priest (D:3)
  An orc wizard (D:3)
  Robin (D:2)
  3 adders (D:2)
  3 gnolls (D:2)
  A worm (D:2)
  3 dart slugs
  3 orcs (D:3)
  8 ball pythons
  2 endoplasms (D:1)
  A giant cockroach (D:3)
  11 goblins
  14 hobgoblins
  5 jackals (D:2)
  5 kobolds
  4 quokkas
  6 bats
  7 rats
82 creatures vanquished.

Notes
Turn   | Place    | Note
-------+----------+-------------------------------------------
     0 | D:1      | cheesebisquit the Spriggan Brigand began the quest for the
                  | Orb.
     0 | D:1      | Reached XP level 1. HP: 10/10 MP: 2/2
   145 | D:1      | Reached skill level 6 in Stealth
   149 | D:1      | Reached XP level 2. HP: 4/15 MP: 3/3
   866 | D:2      | Reached XP level 3. HP: 13/18 MP: 4/4
  1268 | D:2      | Noticed Robin
  1382 | D:2      | Noticed Sigmund
  1384 | D:2      | Killed Sigmund
  1385 | D:2      | Reached skill level 7 in Stealth
  1385 | D:2      | Reached XP level 4. HP: 23/23 MP: 5/5
  1385 | D:2      | Reached XP level 5. HP: 27/27 MP: 6/6
  1529 | D:2      | Noticed a phantom
  1568 | D:2      | Killed a phantom
  1569 | D:2      | Reached XP level 6. HP: 19/32 MP: 7/7
  1918 | D:2      | Reached skill level 5 in Short Blades
  2577 | D:2      | Killed Robin
  2817 | D:4      | Found a shimmering blue altar of Sif Muna.
  2817 | D:4      | Noticed Dowan
  2838 | D:4      | Killed Dowan
  2856 | D:4      | Got Sif Muna's Incunabulum of Ruinous Transition
  2861 | D:4      | Noticed Duvessa
  2886 | D:4      | Mangled by Duvessa

Illustrated notes

Levels and vault maps discovered:
D:1:      dpeg_arrival_morbid_curiosity, layout_loops_ring,
          minmay_misc_feat_pillars, solitary_fountain, minmay_fountain_box
D:2:      layout_basic, uniq_sigmund, uniq_robin
D:3:      layout_rooms, minmay_ruptured
D:4:      layout_rooms, nzn_overflow_gifts_of_might_and_magic, bloody_makhleb,
          nicolae_uskayaw_dance_hall

Skill      XL: |  1  2  3  4  5  6 |
---------------+-------------------+-----
Stealth        | 6 7 |  7.7
Dodging        | 2 3 4 |  4.2
Short Blades   | 3 4 5 |  5.5
Fighting       | 2 3 |  3.1
Throwing       | |  2.0

Action                     |  1- 3 |  4- 6 || total
---------------------------+-------+-------++-------
  Melee: Dagger            |    88 |   218 ||   306
         Club              |    31 |       ||    31
         Punch             |       |     5 ||     5
  Throw: Dart              |    44 |    39 ||    83
    Use: Potion            |     6 |     3 ||     9
         Scroll            |     2 |       ||     2
   Stab: Sleeping          |     5 |     7 ||    12
 Armour: Robe              |    19 |    14 ||    33
  Dodge: Dodged            |   102 |   112 ||   214

Table legend: (Time is in decaauts)
 A = Elapsed time spent in this place.
 B = Non-inter-level travel time spent in this place.
 C = Inter-level travel time spent in this place.
 D = Time resting spent in this place.
 E = Time spent auto-exploring this place.
 F = Levels seen in this place.
 G = Mean time per level.
                   A        B        C        D        E       F      G
               +--------+--------+--------+--------+--------+-----+--------+
         Total |   2034 |   1874 |    160 |    245 |    934 |   4 |  508.5 |
       Dungeon |   2034 |   1874 |    160 |    245 |    934 |   4 |  508.5 |
               +--------+--------+--------+--------+--------+-----+--------+

Top non-repeatable levels by time:
     D:2: 907 daAuts
     D:1: 661 daAuts
     D:3: 383 daAuts
     D:4: 82 daAuts
